 Dungeon Crawl Stone Soup version 0.20.1-1-g8b1a95d (webtiles) character file.

16823 equalderp2856 the Ripper (level 12, -7/51 HPs)
             Began as a Felid Fighter on July 10, 2017.
             Mangled by an eight-headed hydra (14 damage)
             ... on level 6 of the Lair of Beasts on July 11, 2017.
             The game lasted 01:22:25 (31620 turns).

equalderp2856 the Ripper (Felid Fighter)           Turns: 31620, Time: 01:22:26

Health: -7/51      AC:  3    Str: 18    XL:     12   Next: 13%
Magic:  20/20      EV: 28    Int: 13    God:
Gold:   1146       SH:  0    Dex: 16    Spells: 21/21 levels left
                                        Lives:  0   Deaths: 2

rFire    . . .     SeeInvis +     - Unarmed
rCold    + . .     Gourm    .   (shield unavailable)
rNeg     . . .     Faith    .   (armour unavailable)
rPois    .         Spirit   .   (helmet unavailable)
rElec    .         Reflect  .   (cloak unavailable)
rCorr    .         Harm     .   (gloves unavailable)
MR       +....                  (boots unavailable)
Stlth    +++++++...             D - amulet of rage
Regen    0.2/turn               O - ring of stealth
MPRegen  0.2/turn               i - +5 ring of strength

@: quick
A: no armour, no weapons or thrown items, stealth, claws 1, fangs 3, see
invisible, carnivore 3, speed 1, shaggy fur 3, slow metabolism 1, sharp paws
a: Evoke Berserk Rage


You were on level 6 of the Lair of Beasts.
You were full.

You visited 3 branches of the dungeon, and saw 18 of its levels.
You also visited: Sewer and Ossuary.

You collected 1146 gold pieces.

Inventory:

Jewellery
 h - a +2 ring of slaying
 i - a +5 ring of strength (right paw)
 q - an uncursed ring of ice
 v - a -2 ring of dexterity
 y - an uncursed amulet of the gourmand
 B - a +3 ring of protection
 D - an amulet of rage (around neck)
 H - an uncursed ring of flight
 J - an uncursed ring of flight
 O - a ring of stealth (left paw)
 R - an uncursed ring of protection from magic
 V - an uncursed ring of resist corrosion
 W - an uncursed ring of protection from fire {unknown}
Wands
 d - a wand of flame (3/48)
 o - a wand of iceblast (0/15)
 z - a wand of digging (15/24)
 G - a wand of random effects (15/48)
 K - a wand of flame (20/48)
 M - a wand of iceblast (9/15)
 S - a wand of disintegration (16/24)
 T - a wand of iceblast (4/15)
 X - a wand of lightning (6/15)
Scrolls
 c - 2 scrolls of noise
 g - 2 scrolls of amnesia
 j - 5 scrolls of teleportation
 l - 5 scrolls of enchant weapon
 n - 3 scrolls of recharging
 p - 9 scrolls of remove curse
 r - a scroll of blinking
 w - 4 scrolls of identify
 x - 3 scrolls of immolation
 Q - a scroll of fear
Potions
 e - 2 potions of degeneration
 f - 4 potions of curing
 k - 3 potions of cancellation
 m - 5 potions of heal wounds
 s - 3 potions of haste
 t - 4 potions of magic
 u - a potion of agility
 A - a potion of brilliance {unknown}
 C - a potion of might
 E - a potion of invisibility
 F - a potion of ambrosia {unknown}
 I - 2 potions of lignification
 L - 2 potions of resistance
 N - 3 potions of mutation {unknown}
Books
 U - a book of Necromancy

   Spells                             Type                      Level
   a - Pain                           Necromancy                   1
   b - Animate Skeleton               Necromancy                   1
   c - Vampiric Draining              Necromancy                   3
   d - Regeneration                   Charms/Necromancy            3
   e - Animate Dead                   Necromancy                   4
   f - Control Undead                 Necromancy                   4
Miscellaneous
 P - a box of beasts
Comestibles
 a - 4 royal jellies
 b - 6 meat rations


   Skills:
 + Level 5.4 Fighting
 + Level 11.9 Dodging
 + Level 14.4 Stealth
 + Level 16.8 Unarmed Combat
 * Level 5.3 Spellcasting
 + Level 3.1 Evocations


You had 21 spell levels left.
You didn't know any spells.

Dungeon Overview and Level Annotations

Branches:
Dungeon (11/15)            Temple (1/1) D:4            Lair (6/6) D:9
 Shoals (0/4) Lair:2        Slime (0/5) Lair:5          Orc (0/2) D:10
  Snake: Lair:2-4    Spider: Lair:2-4

Altars:
Ashenzari
Cheibriados
Dithmenos
Elyvilon
Fedhas
Gozag
Hepliaklqana
Kikubaaqudgha
Makhleb
Nemelex Xobeh
Okawaru
Qazlal
Ru
Sif Muna
Trog
Uskayaw
Vehumet
Xom
Yredelemnul
Zin
The Shining One
Jiyva

Annotations:
D:10 Morg0th's ghost, novice SpEn
Lair:2 appiemonkey's ghost, journeyman FoAK
Lair:3 exclusion: 2 oklob plants


Innate Abilities, Weirdness & Mutations

You cannot wear armour.
You are incapable of wielding weapons or throwing items.
Your paws allow you to move quietly. (Stealth)
You have sharp claws.
You have razor-sharp teeth.
You have supernaturally acute eyesight. (SInv)
You are carnivorous and can eat meat at any time.
You cover ground quickly.
Your thick and shaggy fur keeps you warm. (AC +3, rC+)
You have a slow metabolism.
Your sharp claws are effective at attacking unaware monsters.


Message History

You mangle the komodo dragon!!
You kill the komodo dragon!
You completely miss the bush.
There is a stone staircase leading down here.
You climb downwards.
The eight-headed hydra completely misses you.
The eight-headed hydra bites you.
The eight-headed hydra barely misses you.
The eight-headed hydra bites you. The eight-headed hydra misses you.
The eight-headed hydra completely misses you.
The eight-headed hydra closely misses you.
The eight-headed hydra bites you.
The eight-headed hydra completely misses you.
The eight-headed hydra barely misses you. x3
The eight-headed hydra bites you. The eight-headed hydra bites you!
* * * LOW HITPOINT WARNING * * *
The eight-headed hydra bites you!
* * * LOW HITPOINT WARNING * * *
The eight-headed hydra bites you!
You die...

...P.≈≈≈≈..≈≈≈....###
##.#.≈≈≈≈≈≈≈≈≈.....#
.#....≈≈≈≈≈≈≈....###
......≈≈≈≈≈≈......##
#..P##.≈.≈....#..#.#
#.####.#P.#.##.....#
### ###...####..P.# #
#...# ##...# ######
#..P# #.@###
.....###..#####D.#
.P#...###.P..P...##
.##...##.........P#
###..####...##...##
#...# #...###### #
#..####....#
###P.###....P#
.###..#.....P#


You could see an eight-headed hydra.

Vanquished Creatures
  Rupert (Lair:4)
  Fannar (Lair:2)
  2 hydras
  2 two-headed ogres
  2 centaur warriors (D:10)
  Urug (Lair:4)
  Nergalle (Lair:4)
  4 elephants
  A centaur zombie (D:10)
  Psyche (D:8)
  6 black mambas
  Joseph (D:9)
  11 spiny frogs
  A gargoyle (D:10)
  A rime drake (Lair:1)
  6 komodo dragons
  A troll (D:9)
  9 hippogriffs
  12 blink frogs
  A spriggan (D:7)
  Sigmund (D:3)
  4 wyverns
  2 wraiths (D:10)
  Grum (D:8)
  4 basilisks
  20 yaks
  6 hungry ghosts
  A vampire mosquito (D:10)
  9 water moccasins
  A hell hound (Lair:6)
  7 porcupines
  Purgy (Sewer)
  5 orc warriors
  2 ice beasts
  2 sky beasts
  A black bear (D:6)
  2 phantoms (D:5)
  13 wolves
  7 ogres
  4 centaurs
  14 crocodiles
  2 big kobolds
  2 elf zombies (Ossuary)
  A wyvern zombie (D:9)
  12 bullfrogs
  2 scorpions
  3 troll zombies (D:10)
  3 howler monkeys (D:7)
  2 vampire bats (Lair:3)
  3 wights (D:9)
  An electric eel (Lair:2)
  4 crimson imps
  3 bullfrog zombies
  A human zombie (Ossuary)
  A quasit (D:9)
  5 jellies
  10 orc wizards
  6 orc priests
  Crazy Yiuf (D:2)
  3 hounds
  3 bullfrog skeletons
  A centaur skeleton (D:6)
  5 iguanas
  8 worker ants
  3 ogre zombies (D:10)
  3 hound zombies (Ossuary)
  3 mummies (Ossuary)
  A hound skeleton (D:9)
  A howler monkey skeleton (D:6)
  11 gnolls
  13 adders
  A shadow imp (D:8)
  2 adder skeletons
  6 adder zombies
  8 worms
  2 dart slugs (D:2)
  4 leopard geckos
  37 orcs
  6 ball pythons
  17 bats
  4 giant cockroaches
  3 gnoll zombies (Ossuary)
  14 hobgoblins
  7 jackals (D:2)
  4 quokkas
  13 frilled lizards
  5 goblins
  8 goblin zombies
  2 hobgoblin skeletons (D:10)
  5 hobgoblin zombies
  4 jackal zombies (Ossuary)
  17 kobolds
  A kobold zombie (Ossuary)
  A leopard gecko skeleton (D:6)
  A leopard gecko zombie (D:7)
  4 orc skeletons (D:10)
  9 orc zombies
  3 quokka skeletons
  4 quokka zombies (Ossuary)
  5 rats
  2 rat zombies (Ossuary)
  2 fungi
490 creatures vanquished.

Vanquished Creatures (collateral kills)
  An elephant (Lair:4)
1 creature vanquished.

Vanquished Creatures (others)
  2 fungi
  20 plants
22 creatures vanquished.

Grand Total: 513 creatures vanquished

Notes
Turn   | Place    | Note
-------+----------+-------------------------------------------
     0 | D:1      | equalderp2856 the Felid Fighter began the quest for the Orb.
     0 | D:1      | Reached XP level 1. HP: 10/10 MP: 2/2
   132 | D:1      | Reached XP level 2. HP: 11/14 MP: 3/3
  1046 | D:1      | Reached skill level 1 in Stealth
  1258 | D:2      | Reached XP level 3. HP: 14/17 MP: 4/4
  2122 | D:2      | Found a runed door.
  2408 | D:2      | Reached XP level 4. HP: 19/21 MP: 5/5
  2854 | D:3      | Reached skill level 5 in Unarmed Combat
  2997 | D:3      | Found a glowing drain.
  3037 | Sewer    | Entered a sewer
  3200 | Sewer    | Noticed Purgy
  3210 | Sewer    | Killed Purgy
  3210 | Sewer    | Reached skill level 5 in Dodging
  3210 | Sewer    | Reached XP level 5. HP: 13/24 MP: 6/6
  3608 | D:3      | Noticed Sigmund
  3739 | D:4      | Reached skill level 6 in Unarmed Combat
  3739 | D:4      | Gained mutation: You are covered in thick fur. (AC +2) [Felid growth]
  3739 | D:4      | Reached XP level 6. HP: 28/28 MP: 7/7
  3770 | D:4      | Found a staircase to the Ecumenical Temple.
  3881 | D:5      | Entered Level 5 of the Dungeon
  4129 | D:5      | Noticed a sky beast
  4241 | D:5      | Found a sand-covered staircase.
  4298 | Ossuary  | Entered an ossuary
  4592 | Ossuary  | Reached skill level 7 in Unarmed Combat
  4592 | Ossuary  | Reached XP level 7. HP: 23/31 MP: 8/8
  4933 | Ossuary  | Reached skill level 5 in Stealth
  5507 | D:5      | Reached skill level 8 in Unarmed Combat
  6157 | D:6      | Reached XP level 8. HP: 34/34 MP: 9/9
  6587 | D:6      | Reached skill level 9 in Unarmed Combat
  7640 | D:7      | Reached skill level 10 in Unarmed Combat
  8030 | D:7      | Noticed a hippogriff
  8055 | D:7      | Reached XP level 9. HP: 35/39 MP: 10/10
  8742 | D:8      | Noticed Psyche
  8972 | D:4      | Found a transporter.
  9549 | D:4      | Found a transporter.
  9857 | D:3      | Killed Sigmund
 10474 | D:2      | Noticed Crazy Yiuf
 10485 | D:2      | Killed Crazy Yiuf
 11758 | Temple   | Entered the Ecumenical Temple
 12143 | D:4      | Reached skill level 11 in Unarmed Combat
 12291 | D:8      | Killed Psyche
 12389 | D:8      | Noticed Grum
 12702 | D:8      | Reached XP level 10. HP: 24/42 MP: 11/11
 12908 | D:8      | Found a blossoming altar of Fedhas.
 12936 | D:8      | Killed Grum
 13335 | D:9      | Reached skill level 12 in Unarmed Combat
 13597 | D:9      | Noticed a two-headed ogre
 13602 | D:9      | Killed a two-headed ogre
 13851 | D:9      | Noticed Joseph
 13874 | D:9      | Killed Joseph
 14350 | D:9      | Reached skill level 13 in Unarmed Combat
 14642 | D:9      | Reached skill level 10 in Stealth
 14945 | D:9      | Found a staircase to the Lair.
 15412 | D:10     | Entered Level 10 of the Dungeon
 15618 | D:10     | Reached XP level 11. HP: 32/46 MP: 12/12
 15638 | D:10     | Found a staircase to the Orcish Mines.
 15826 | D:10     | Reached skill level 10 in Dodging
 16000 | D:10     | Reached skill level 1 in Evocations
 16043 | D:10     | Noticed a centaur warrior
 16056 | D:10     | Killed a centaur warrior
 16353 | D:10     | Noticed Morg0th's ghost (novice SpEn)
 17544 | D:10     | Reached skill level 14 in Unarmed Combat
 17547 | D:10     | Noticed a centaur warrior
 17558 | D:10     | Killed a centaur warrior
 18525 | D:11     | Noticed a two-headed ogre
 18533 | D:11     | Killed a two-headed ogre
 18536 | D:11     | Noticed a purple ugly thing
 19150 | Lair:1   | Entered Level 1 of the Lair of Beasts
 19720 | Lair:1   | Reached skill level 15 in Unarmed Combat
 19732 | Lair:1   | Gained mutation: Your thick and shaggy fur keeps you warm. (AC +3, rC+) [Felid growth]
 19732 | Lair:1   | Reached XP level 12. HP: 25/51 MP: 14/14
 20576 | Lair:1   | Noticed a four-headed hydra
 20584 | Lair:1   | Killed a four-headed hydra
 20584 | Lair:1   | Reached skill level 5 in Fighting
 21567 | Lair:2   | Noticed Fannar
 21579 | Lair:2   | Killed Fannar
 21939 | Lair:2   | Reached skill level 16 in Unarmed Combat
 22000 | Lair:2   | Noticed appiemonkey's ghost (journeyman FoAK)
 22497 | Lair:2   | Slain by a komodo dragon
 22498 | Lair:2   | Reached XP level 11. HP: 0/47 MP: 13/13
 22856 | Lair:2   | Found a staircase to the Shoals.
 23368 | Lair:3   | Noticed an oklob plant
 23368 | Lair:3   | Noticed an oklob plant
 23769 | Lair:4   | Noticed Urug
 24088 | Lair:4   | Noticed Rupert
 24096 | Lair:4   | Killed Rupert
 24129 | Lair:4   | Reached XP level 12. HP: 51/51 MP: 14/14
 24671 | Lair:4   | Noticed Nergalle
 24972 | Lair:4   | Killed Urug
 25994 | Lair:4   | Killed Nergalle
 25994 | Lair:4   | Reached skill level 1 in Spellcasting
 27031 | Lair:5   | Found a viscous altar of Jiyva.
 27031 | Lair:5   | Found a staircase to the Slime Pits.
 27079 | Lair:5   | Noticed a four-headed hydra
 27086 | Lair:5   | Killed a four-headed hydra
 29241 | Lair:6   | Entered Level 6 of the Lair of Beasts
 29489 | Lair:5   | Mangled by a blink frog
 29490 | Lair:5   | Reached XP level 11. HP: -6/48 MP: 19/19
 30240 | Lair:6   | Reached skill level 5 in Spellcasting
 30944 | Lair:6   | Reached XP level 12. HP: 51/51 MP: 20/20
 31160 | Lair:6   | Noticed an eight-headed hydra
 31168 | Lair:6   | Noticed a death yak
 31620 | Lair:6   | Mangled by an eight-headed hydra

Skill      XL: |  1  2  3  4  5  6  7  8  9 10 11 12 |
---------------+-------------------------------------+-----
Stealth        | 1 2 3 4 5 6 8 10 13 14 | 14.4
Unarmed Combat | 5 6 7 8 10 11 13 15 16 | 16.8
Dodging        | 5 6 7 8 9 10 11 | 11.9
Fighting       | 4 5 |  5.4
Evocations     | 2 3 |  3.1
Spellcasting   | 5 4 |  5.3

Action                   |  1- 3 |  4- 6 |  7- 9 | 10-12 || total
-------------------------+-------+-------+-------+-------++-------
Melee: Unarmed           |   126 |   159 |   338 |   966 ||  1589
       Bite              |     9 |    17 |    48 |   108 ||   182
       Punch             |       |     3 |    20 |    84 ||   107
 Abil: Evoke Berserk Rag |       |       |       |     7 ||     7
Evoke: Wand              |       |       |     1 |    17 ||    18
       Box of beasts     |       |       |       |     3 ||     3
  Use: Scroll            |       |     9 |     1 |    16 ||    26
       Potion            |       |     2 |     3 |     6 ||    11
 Stab: Sleeping          |     3 |     7 |     9 |    43 ||    62
       Distracted        |       |     1 |     1 |    10 ||    12
  Eat: Chunk             |     6 |     3 |     9 |    66 ||    84
       Meat ration       |       |       |     1 |       ||     1
       Royal jelly       |       |       |     1 |       ||     1
Armor: Skin              |     6 |     6 |    17 |    43 ||    72
Dodge: Dodged            |   121 |   120 |   241 |   788 ||  1270
